 Dungeon Crawl Stone Soup version 0.17.1-3-g152610e (webtiles) character file.

868 MovingMist the Skirmisher (level 8, -4/49 HPs)
             Began as a Gargoyle Fighter on Apr 26, 2016.
             Was a Follower of Okawaru.
             Killed by divine providence
             ... invoked by an orc priest
              (13 damage)
             ... on level 5 of the Dungeon.
             The game lasted 00:11:11 (3799 turns).

MovingMist the Skirmisher (Gargoyle Fighter)        Turns: 3799, Time: 00:11:12

Health: -4/49      AC: 23    Str: 20    XL:     8   Next: 3%
Magic:  8/8        EV:  7    Int:  9    God:    Okawaru [*.....]
Gold:   230        SH: 10    Dex: 11    Spells: 0 memorised, 7 levels left

rFire  . . .     SeeInvis +     z - +1 flail (protect)
rCold  . . .     Clarity  .     n - +0 chain mail (curse)
rNeg   + . .     SustAt   .     c - +0 shield
rPois  ∞         Gourm    .     w - +0 helmet
rElec  +         Spirit   .     f - +1 cloak
rCorr  .         Warding  .     (no gloves)
rMut   .         Stasis   .     h - +0 pair of boots
MR     .....                    (no amulet)
Stlth  ..........               (no ring)
                                v - ring of see invisible

@: not resistant to hostile enchantments, extremely unstealthy
A: negative energy resistance 1, electricity resistance, unbreathing,
petrification resistance, rot immunity, AC +5
a: Heroism, Renounce Religion


You were on level 5 of the Dungeon.
You worshipped Okawaru.
Okawaru was aware of your devotion.
You were not hungry.

You visited 1 branch of the dungeon, and saw 5 of its levels.

You collected 230 gold pieces.

Inventory:

Hand Weapons
 a - a +0 flail
 r - a +3 quarterstaff of chaos
 z - a +1 flail of protection (weapon)
Missiles
 t - 12 javelins (quivered)
Armour
 c - a +0 shield (worn)
 f - a +1 cloak (worn)
 h - a +0 pair of boots (worn)
 n - a cursed +0 chain mail (worn)
 w - a +0 helmet (worn)
Jewellery
 v - a ring of see invisible (left hand)
Wands
 m - a wand of fireball (8)
 q - a wand of slowing (20)
Scrolls
 d - a scroll of silence {unknown}
 g - a scroll of identify
 k - 3 scrolls of remove curse
 y - 2 scrolls of teleportation
Potions
 b - 2 potions of degeneration {unknown}
 i - a potion of lignification {unknown}
 o - a potion of flight {unknown}
 s - a potion of heal wounds {unknown}
 u - a potion of berserk rage {unknown}
 x - a potion of curing
Comestibles
 e - 4 bread rations
 j - 9 fruits
 l - 2 beef jerkies
 p - 4 meat rations


   Skills:
 + Level 5.2 Fighting
 + Level 4.2 Maces & Flails
 - Level 3.5 Armour
 * Level 4.5 Dodging
 + Level 5.2 Shields


You had 7 spell levels left.
You didn't know any spells.

Dungeon Overview and Level Annotations

Branches:
Dungeon (5/15)             Temple (0/1) D:4

Altars:
Dithmenos
Okawaru
Ru
Trog
Xom
The Shining One


Innate Abilities, Weirdness & Mutations

You are resistant to torment.
Your stone body is resilient (AC +5).
You are immune to poison.
You resist negative energy.
You are resistant to electric shocks.
You can survive without breathing.
You are immune to petrification.
You are immune to rotting.


Message History

You block the orc's attack.
You barely miss the orc priest. The orc hits you but does no damage.
Your chain mail prevents you from hitting the orc priest.
You block the orc priest's attack. You block the orc's attack.
You block the orc priest's attack. The orc hits you but does no damage.
Your shield and chain mail prevent you from hitting the orc priest.
You block the orc priest's attack. The orc barely misses you.
You barely miss the orc priest.
The orc priest hits you but does no damage.
You block the orc's attack.
Your chain mail prevents you from hitting the orc priest.
You block the orc priest's attack. The orc hits you but does no damage.
The orc priest mumbles some strange prayers to Beogh against you.
Something smites you!
* * * LOW HITPOINT WARNING * * *
The orc barely misses you.
You hit the orc priest but do no damage.
The orc priest mumbles some strange prayers to Beogh against you.
Something smites you!
You die...

.#........#
..#.#.#.......# .
#.............#
..#.#.#.........#
................#
#...#...........#
................#
#.#.<.oo.....####
......)@.....#
########
#.#.........##
#....§§§
............#
#....§§§
.#.##.......#
#....§§. ..
#...#+#.##
#.....§. # #.#.
#.# ###....#..
#.#. #.#
#.....###. #>#.
#.# #.##..###.
#.####.###..#..


You could see an orc priest and an orc.

Vanquished Creatures
  Grinder (D:5)
  Menkaure (D:5)
  The ghost of ThereIsNoGod the Sneak, an amateur OpAs (D:3)
  A crimson imp (D:5)
  3 hounds
  An orc priest (D:5)
  Crazy Yiuf (D:3)
  2 worker ants (D:4)
  2 orc wizards (D:4)
  Robin (D:3)
  7 adders
  An ooze (D:1)
  An adder skeleton (D:5)
  7 worms
  4 giant geckos
  6 orcs
  4 bats
  3 giant cockroaches
  8 hobgoblins
  2 quokkas
  A ball python (D:3)
  A giant gecko skeleton (D:4)
  3 giant newts
  18 goblins
  A goblin zombie (D:5)
  4 hobgoblin zombies (D:5)
  6 jackals (D:2)
  7 kobolds
  3 kobold skeletons (D:5)
  2 kobold zombies (D:5)
  3 rats (D:2)
106 creatures vanquished.

Notes
Turn   | Place    | Note
--------------------------------------------------------------
     0 | D:1      | MovingMist the Gargoyle Fighter began the quest for the Orb.
     0 | D:1      | Reached XP level 1. HP: 14/14 MP: 1/1
    69 | D:1      | Reached XP level 2. HP: 16/19 MP: 2/2
   738 | D:2      | Reached XP level 3. HP: 15/23 MP: 3/3
   753 | D:2      | Found a sacrificial altar of Ru.
  1110 | D:2      | Reached skill level 1 in Dodging
  1110 | D:2      | Reached XP level 4. HP: 29/29 MP: 4/4
  1371 | D:3      | Found an iron altar of Okawaru.
  1390 | D:3      | Became a worshipper of Warmaster Okawaru
  1511 | D:3      | Found a bloodstained altar of Trog.
  1521 | D:3      | Noticed ThereIsNoGod's ghost (amateur OpAs)
  1541 | D:3      | Reached XP level 5. HP: 20/33 MP: 5/5
  1549 | D:3      | Killed ThereIsNoGod's ghost
  1549 | D:3      | Reached skill level 4 in Fighting
  1620 | D:3      | Noticed Robin
  1665 | D:3      | Killed Robin
  1665 | D:3      | Reached XP level 6. HP: 31/38 MP: 6/6
  2000 | D:3      | Noticed Crazy Yiuf
  2007 | D:3      | Killed Crazy Yiuf
  2064 | D:4      | Found a shimmering altar of Xom.
  2199 | D:4      | Reached * piety under Okawaru
  2532 | D:4      | Found a staircase to the Ecumenical Temple.
  3262 | D:5      | Entered Level 5 of the Dungeon
  3264 | D:5      | Found a shadowy altar of Dithmenos.
  3525 | D:5      | Found a glowing golden altar of the Shining One.
  3533 | D:5      | Noticed Menkaure
  3558 | D:5      | Reached XP level 7. HP: 18/44 MP: 7/7
  3565 | D:5      | Killed Menkaure
  3626 | D:5      | Noticed Grinder
  3638 | D:5      | Paralysed by Grinder for 2 turns
  3644 | D:5      | Paralysed by Grinder for 5 turns
  3649 | D:5      | Killed Grinder
  3649 | D:5      | Reached skill level 5 in Fighting
  3649 | D:5      | Reached skill level 5 in Shields
  3793 | D:5      | Reached XP level 8. HP: 18/49 MP: 8/8
  3799 | D:5      | Killed from afar by an orc priest

Action                   |  1- 3 |  4- 6 |  7- 9 || total
-------------------------+-------+-------+-------++-------
Melee: Flail             |   134 |   320 |    38 ||   492
  Use: Scroll            |     4 |     4 |       ||     8
       Potion            |       |     1 |     2 ||     3
  Eat: Chunk             |     1 |     8 |     1 ||    10
